 Dungeon Crawl Stone Soup version 0.30-a0-626-gd6a5dd7a1f (webtiles) character file.

Game seed: 10409137446709229324

1047 KennySheep the Stinger (level 7, -2/45 (50) HPs)
             Began as a Demigod Venom Mage on Jan 12, 2023.
             Slain by a wight
             ... wielding a +5 dagger of freezing
              (4 damage)
             ... on level 6 of the Dungeon.
             The game lasted 00:18:20 (5998 turns).

KennySheep the Stinger (Demigod Venom Mage)         Turns: 5998, Time: 00:18:21

HP:   -2/45 (50)    AC:  2    Str:  9    XL:     7   Next: 75%
MP:   12/17         EV: 19    Int: 25    God:
Gold: 280           SH:  0    Dex: 25    Spells: 5/15 levels left

rFire   . . .      SeeInvis .    (weapon currently unavailable)
rCold   . . .      Faith    .    (shield currently unavailable)
rNeg    . . .      Spirit   .    (body armour currently unavailable)
rPois   x          Reflect  .    (helmet currently unavailable)
rElec   .          Harm     .    (cloak currently unavailable)
rCorr   .          Rampage  .    (gloves currently unavailable)
Will    .....                    (boots currently unavailable)
Stlth   +++                      (no amulet)
HPRegen 0.27/turn                j - +6 ring of dexterity
MPRegen 0.15/turn                (no ring)

@: spider-form, heavily drained
A: venomous fangs, tiny, high MP 1, forlorn, divine attributes
a: End Transformation


You were on level 6 of the Dungeon.
You were a venomous arachnid creature.
You visited 1 branch of the dungeon, and saw 6 of its levels.

You collected 280 gold pieces.

Inventory:

Armour
 a - a +0 robe
 e - the +1 leather armour of the Present (melded) {rPois}
   (You found it on level 4 of the Dungeon)

   rPois:     It protects you from poison.
 k - a +0 pair of gloves (melded)
 m - a +0 buckler
Magical Staves
 l - a staff of earth
Jewellery
 i - a +6 ring of dexterity
 j - a +6 ring of dexterity (left front pincers)
Wands
 h - a wand of paralysis (6)
Scrolls
 b - 2 scrolls of identify {unknown}
 c - 2 scrolls of teleportation
 d - a scroll of fog
 o - a scroll of immolation {unknown}
 p - a scroll of enchant weapon
Potions
 f - a potion of cancellation {unknown}
 n - a potion of mutation {unknown}
 q - a potion of invisibility


   Skills:
 + Level 0.0 Fighting
 + Level 1.7 Dodging
 - Level 1.7 Stealth
 * Level 0.0 Unarmed Combat
 - Level 4.6 Spellcasting
 + Level 1.9 Transmutations
 - Level 7.4 Poison Magic


You had 5 spell levels left.
You knew the following spells:

 Your Spells              Type           Power      Damage    Failure   Level
a - Sting                 Tmut/Pois      100%       1d8       6%          1
b - Wereblood             Tmut           15%        N/A       17%         2
c - Olgreb's Toxic Radia  Pois           42%        N/A       13%         4
z - Spider Form           Tmut/Pois      29%        N/A       12%         3

Your spell library contained the following spells:

 Spells                   Type           Power      Damage    Failure   Level
 Poisonous Vapours        Pois/Air       48%        N/A       10%         2
 Beastly Appendage        Tmut           30%        N/A       12%         1
 Freeze                   Ice            20%        1d4       22%         1
 Kiss of Death            Conj/Necr      20%        2d7       22%         1
 Mephitic Cloud           Conj/Pois/Air  18%        N/A       24%         3
 Confusing Touch          Hex            5%         N/A       47%         3
 Frozen Ramparts          Ice            10%        1d2       47%         3
 Hailstorm                Conj/Ice       5%         3d4       47%         3
 Dispel Undead            Necr           5%         3d7       83%         4


Dungeon Overview and Level Annotations

Branches:
Dungeon (6/15)             Temple (0/1) D:4

Annotations:
D:4 3 runed translucent doors, Newt's ghost, weakling KoHu
D:5 Menkaure


Innate Abilities, Weirdness & Mutations

You are a venomous arachnid creature.
You have venomous fangs.
You are tiny and dextrous.
Your spellcasting is less reliable in this form.
Your armour is entirely melded.
You are incapable of wielding weapons or throwing items.
You have an increased reservoir of magic. (+10% MP)
You shall have no god before yourself.
Your divine heritage dramatically boosts your attributes as you level up.


Message History

There is a stone staircase leading down here.
Found a hand axe.
Found a stone staircase leading down.
There is a stone staircase leading down here.
A wight is nearby!
The sting hits the wight but does no damage.
The sting misses the wight.
The wight hits you but does no damage.
The sting hits the wight but does no damage.
The wight hits you with a +5 dagger of freezing!
The wight freezes you.
The sting misses the wight.
The wight closely misses you. The wight attacks as you move away!
The wight hits you with a +5 dagger of freezing.
The wight freezes you. The wight attacks as you move away!
The wight hits you with a +5 dagger of freezing!
You feel drained. The wight freezes you.
Casting: Sting (safe; 1% risk of failure)
Confirm with . or Enter, or press ? or * to list all spells.
You turn into a venomous arachnid creature.
Your +0 pair of gloves melds into your body.
The +1 leather armour of the Present {rPois} melds into your body.
The wight closely misses you.
You hit the wight but do no damage.
The wight hits you with a +5 dagger of freezing!
You feel drained. The wight freezes you.
You hit the wight.
The wight is lightly damaged.
The wight hits you with a +5 dagger of freezing.
* * * LOW HITPOINT WARNING * * *
The wight freezes you.
* * * LOW HITPOINT WARNING * * *
You hit the wight but do no damage.
The wight is lightly damaged.
The wight hits you with a +5 dagger of freezing!
* * * LOW HITPOINT WARNING * * *
You feel drained.
* * * LOW HITPOINT WARNING * * *
The wight freezes you.
You die...

#...#######.####..#
.........<#.......#
################..#
).........#
########.## #.# #.#
#.# #s# ##z# ...
#####..# z.
#.....## .. #.#####
####. #.# ......
##.# ......###..#
........#.##


You could see a wight.

Vanquished Creatures
  Eustachio (D:4)
  A water moccasin (D:5)
  An ice beast (D:5)
  An ogre (D:5)
  2 scorpions
  3 killer bees (D:5)
  A jelly (D:5)
  2 hounds
  Terence (D:3)
  Natasha (twice) (D:3)
  4 gnolls (D:3)
  5 adders
  A white imp (D:5)
  An ufetubus (D:5)
  A worm (D:2)
  3 dart slugs
  10 orcs
  7 endoplasms
  5 giant cockroaches
  16 goblins
  11 hobgoblins
  8 quokkas
  7 ball pythons
  6 bats
  5 frilled lizards
  10 kobolds
  7 rats
122 creatures vanquished.

Vanquished Creatures (others)
  15 fungi
  2 plants (D:4)
17 creatures vanquished.

Grand Total: 139 creatures vanquished

Notes
Turn   | Place    | Note
-------+----------+-------------------------------------------
     0 | D:1      | KennySheep the Demigod Venom Mage began the quest for the
                  | Orb.
     0 | D:1      | Reached XP level 1. HP: 14/14 MP: 5/5
    62 | D:1      | Reached skill level 1 in Transmutations
   303 | D:1      | Reached skill level 3 in Poison Magic
   319 | D:1      | Reached XP level 2. HP: 13/20 MP: 0/7
  1553 | D:2      | Reached XP level 3. HP: 26/26 MP: 2/8
  2528 | D:3      | Reached XP level 4. HP: 33/33 MP: 5/10
  2533 | D:3      | Learned a level 4 spell: Olgreb's Toxic Radiance
  2564 | D:3      | Noticed Natasha
  2578 | D:3      | Noticed Terence
  2654 | D:3      | Reached skill level 4 in Poison Magic
  2837 | D:4      | Noticed Newt's ghost (weakling KoHu)
  2837 | D:4      | Found a runed translucent gate.
  2837 | D:4      | Found a runed translucent gate.
  2837 | D:4      | Found a runed translucent gate.
  2856 | D:4      | Learned a level 3 spell: Spider Form
  2900 | D:4      | Found a staircase to the Ecumenical Temple.
  3012 | D:4      | Identified the +1 leather armour of the Present {rPois}
  3025 | D:4      | Noticed a phantom
  3047 | D:4      | Identified the +4 mace of Circular Logic {protect, rF- rN+
                  | Dex+2}
  3058 | D:4      | Reached XP level 5. HP: 30/38 MP: 4/12
  3127 | D:3      | Killed Natasha
  3227 | D:3      | Killed Terence
  3228 | D:3      | Reached skill level 5 in Poison Magic
  3408 | D:3      | Noticed Natasha
  3422 | D:3      | Killed Natasha
  3759 | D:4      | Noticed Eustachio
  3884 | D:4      | Reached XP level 6. HP: 37/45 MP: 7/14
  3989 | D:4      | Killed Eustachio
  4241 | D:5      | Entered Level 5 of the Dungeon
  4291 | D:5      | Reached skill level 6 in Poison Magic
  4414 | D:5      | Reached XP level 7. HP: 37/50 MP: 11/16
  4707 | D:5      | Reached skill level 7 in Poison Magic
  4947 | D:5      | Learned a level 2 spell: Wereblood
  5068 | D:5      | Noticed Menkaure
  5998 | D:6      | HP: 2/45 [wight/+5 dagger of freezing (2)]
  5998 | D:6      | Slain by a wight

Illustrated notes

Levels and vault maps discovered:
D:1:      sevenhm_arrival_forest_fort_small_4, layout_basic, minivault_11
D:2:      kennysheep_the_goblin_king, layout_rooms
D:3:      layout_rooms, mainiacjoe_overflow_tiny_flanked, portal_sewer_entry_f,
          uniq_natasha, uniq_terence
D:4:      layout_rooms, grunt_temple_overflow_forces_of_nature,
          lemuel_tele_altar, minmay_temple_entry_mini_moons,
          ebering_ghost_gozag, uniq_eustachio
D:5:      layout_loops_ring, serial_aquarium, aquarium_bridge_square
          [aquarium_subvault_wall, aquarium_subvault_wall,
          aquarium_subvault_bridge, aquarium_subvault_wall],
          aquarium_bridge_square [aquarium_subvault_wall,
          aquarium_subvault_bridge, aquarium_subvault_window,
          aquarium_subvault_bridge], aquarium_window_fake,
          aquarium_window_corner, aquarium_view_2e, aquarium_view_2b,
          aquarium_pool_S, kennysheep_small_spiral, uniq_menkaure
D:6:      layout_basic, mainiacjoe_overflow_six_doors_small, slow_altar_2

Skill      XL: |  1  2  3  4  5  6  7 |
---------------+----------------------+-----
Transmutations | 1 |  1.9
Poison Magic   | 3 4 5 6 7 |  7.4
Spellcasting   | 2 3 4 |  4.6
Dodging        | |  1.7
Stealth        | |  1.7

Action                   |  1- 3 |  4- 6 |  7- 9 || total
-------------------------+-------+-------+-------++-------
Melee: Unarmed           |    11 |    13 |     3 ||    27
 Cast: Sting             |   122 |   122 |    56 ||   300
       Olgreb's Toxic Ra |       |     4 |     2 ||     6
       Spider Form       |       |       |     1 ||     1
  Use: Scroll            |     5 |     1 |     1 ||     7
       Potion            |     2 |     4 |     2 ||     8
 Stab: Invisible         |       |     3 |       ||     3
Armor: Robe              |     9 |    11 |       ||    20
       Leather armour    |       |    17 |    10 ||    27
Dodge: Dodged            |    44 |    78 |    22 ||   144

Table legend: (Time is in decaauts)
 A = Elapsed time spent in this place.
 B = Non-inter-level travel time spent in this place.
 C = Inter-level travel time spent in this place.
 D = Time resting spent in this place.
 E = Time spent auto-exploring this place.
 F = Levels seen in this place.
 G = Mean time per level.
                   A        B        C        D        E       F      G
               +--------+--------+--------+--------+--------+-----+--------+
         Total |   5984 |   5815 |    169 |   1133 |   3351 |   6 |  997.3 |
       Dungeon |   5984 |   5815 |    169 |   1133 |   3351 |   6 |  997.3 |
               +--------+--------+--------+--------+--------+-----+--------+

Top non-repeatable levels by time:
     D:1: 1618 daAuts
     D:5: 1597 daAuts
     D:3: 881 daAuts
     D:2: 880 daAuts
     D:4: 847 daAuts
     D:6: 158 daAuts
